 Dungeon Crawl Stone Soup version 0.29.0-4-gdea44cf6ec (webtiles) character file.

Game seed: 15495571581577413769

18 qw the Chopper (level 2, -4/17 HPs)
             Began as a Tengu Warper on Aug 28, 2022.
             Slain by a gnoll
             ... wielding a +0 flail
              (11 damage)
             ... on level 2 of the Dungeon.
             The game lasted 00:00:04 (965 turns).

qw the Chopper (Tengu Warper)                        Turns: 965, Time: 00:00:04

Health: -4/17      AC:  3    Str: 11    XL:     2   Next: 66%
Magic:  6/6        EV: 11    Int: 13    God:
Gold:   38         SH:  3    Dex: 13    Spells: 5/5 levels left

rFire   . . .      SeeInvis .   Y - +0 hand axe
rCold   . . .      Faith    .   e - +0 buckler
rNeg    . . .      Spirit   .   b - +0 leather armour
rPois   .          Reflect  .   (helmet restricted)
rElec   .          Harm     .   (no cloak)
rCorr   .          Rampage  .   (no gloves)
Will    .....                   (boots unavailable)
Stlth   +.........              (no amulet)
HPRegen 0.05/turn               (no ring)
MPRegen 0.10/turn               (no ring)

@: no status effects
A: beak, talons 3
a: no special abilities


You were on level 2 of the Dungeon.
You visited 1 branch of the dungeon, and saw 2 of its levels.

You collected 38 gold pieces.


Innate Abilities, Weirdness & Mutations

You have a beak for a mouth.
You have claws for feet.


   Skills:
 - Level 2.0 Fighting
 - Level 3.4 Axes
 - Level 1.0 Throwing
 - Level 1.1 Armour
 - Level 2.1 Dodging
 + Level 0.1 Shields
 - Level 2.0 Spellcasting
 - Level 2.4 Translocations


You had 5 spell levels left.
You didn't know any spells.
Your spell library contained the following spells:

 Spells                   Type           Power      Damage    Failure   Level
 Blink                    Tloc           14%        N/A       26%         2
 Gell's Gravitas          Tloc           7%         N/A       45%         3
 Lesser Beckoning         Tloc           7%         N/A       45%         3
 Teleport Other           Tloc           7%         N/A       45%         3
 Manifold Assault         Tloc           7%         N/A       99%         5

Inventory:

Hand Weapons
 i - a +0 club
 Y - a +0 hand axe (weapon)
Armour
 b - a +0 leather armour (worn)
 d - a +2 buckler
 e - a +0 buckler (worn)
Scrolls
 c - a scroll of identify {unknown}
Potions
 a - a potion of brilliance {unknown}
 f - a potion of haste {unknown}

Dungeon Overview and Level Annotations

Branches:
Dungeon (2/15)

Altars:


Message History

Waypoint 1 assigned to D:2.
Enter note:
a - an emerald potion
Enter note:
Enter note:
Found a stone staircase leading down.
Found a stone staircase leading up.
There is a stone staircase leading down here.
A frilled lizard comes into view.
Found a runed buckler.
The frilled lizard hisses angrily.
Enter note: You hit the frilled lizard.
You kill the frilled lizard!
c - a scroll labelled XIZUOSSOLO You now have 38 gold pieces (gained 10).
d - a +2 buckler
f - a white potion 2 gnolls come into view.
The gnoll shouts!
You hear a shout!
A gnoll comes into view. It is wielding a +0 spear.
959 ||| Stepping ~*~*~tactically~*~*~ (hiding).
960 ||| Stepping ~*~*~tactically~*~*~ (hiding).
You start waiting.
A gnoll is nearby!
A gnoll comes into view. It is wielding a +0 spear.
The gnoll shouts!
The gnoll barely misses you. You block the gnoll's attack.
You barely miss the gnoll. You claw the gnoll.
The gnoll is heavily wounded.
You hit the gnoll but do no damage. You block the gnoll's attack.
The gnoll hits you from afar with a +0 spear!
You hit the gnoll. You claw the gnoll. You peck the gnoll, but do no damage.
The gnoll is almost dead.
You closely miss the gnoll. The gnoll hits you with a +0 spear.
The gnoll closely misses you. The gnoll hits you with a +0 flail!
Ouch! That really hurt!
You die...

#.# #... #. #. #.#
#... #. #. #.# #... ..
.. #?# #... .#
##.###.# #...#.#
#..g.#.####.....######
#..g.#.#..............
#...g#.#.#####.#######
#...g@.#.##...........
#.....................
#....#....#.......%...
#....#.#..#...........
######.#.>#####.......
#.#..# #....... #.#..#
#....... #.#..#
########
#.#..############


You could see 4 gnolls.

Vanquished Creatures
  A dart slug (D:1)
  An endoplasm (D:1)
  A giant cockroach (D:1)
  A goblin (D:1)
  3 hobgoblins (D:1)
  A quokka (D:1)
  2 ball pythons (D:1)
  2 bats (D:1)
  2 frilled lizards
  A kobold (D:1)
15 creatures vanquished.

Notes
Turn   | Place    | Note
-------+----------+-------------------------------------------
     0 | D:1      | qw the Tengu Warper began the quest for the Orb.
     0 | D:1      | Reached XP level 1. HP: 12/12 MP: 4/4
     0 | D:1      | 0 ||| qw: Version: 0.1-a-89-g26bdef1
     0 | D:1      | 0 ||| qw: Game counter: 2177
     0 | D:1      | 0 ||| qw: Always use a shield: true
     0 | D:1      | 0 ||| qw: God list: Okawaru
     0 | D:1      | 0 ||| qw: Allow faded altars: false
     0 | D:1      | 0 ||| qw: Do Orc after D:15 true
     0 | D:1      | 0 ||| qw: Do second Lair branch before Depths: true
     0 | D:1      | 0 ||| qw: Lair rune preference: random
     0 | D:1      | 0 ||| qw: Plans: Normal
     0 | D:1      | 0 ||| PLANNING D:1-11
   366 | D:1      | Reached XP level 2. HP: 17/17 MP: 6/6
   380 | D:1      | Reached skill level 3 in Axes
   459 | D:1      | Found a faded altar of an unknown god.
   485 | D:1      | 485 ||| Stepping ~*~*~tactically~*~*~ (stealth).
   788 | D:1      | 788 ||| UPGRADING to +0 buckler.
   793 | D:1      | 793 ||| READING scroll labelled QUDWOGR GEAGENGA.
   794 | D:1      | 794 ||| READING scroll labelled FIROMM ZESIO.
   795 | D:1      | 795 ||| READING 2 scrolls labelled XERASTR AKKEUT.
   796 | D:1      | 796 ||| READING scroll labelled QOTEMY HITHI.
   797 | D:1      | 797 ||| READING scroll labelled OMILOE IBLEYFF.
   798 | D:1      | 798 ||| READING scroll labelled WUDDUS RACVO.
   803 | D:1      | 803 ||| DROPPING scroll of blinking.
   804 | D:1      | 804 ||| DROPPING scroll of fog.
   959 | D:2      | 959 ||| Stepping ~*~*~tactically~*~*~ (hiding).
   960 | D:2      | 960 ||| Stepping ~*~*~tactically~*~*~ (hiding).
   965 | D:2      | Slain by a gnoll

Levels and vault maps discovered:
D:1:      dpeg_arrival_leaves_temple_mockup, layout_basic,
          shapermc_ecumenical_altar_mp_vishouse
D:2:      layout_basic, kennysheep_cross_bottleneck

Skill      XL: |  1  2 |
---------------+-------+-----
Axes           | 3 |  3.4
Fighting       | |  2.0
Throwing       | |  1.0
Armour         | |  1.1
Dodging        | |  2.1
Shields        | |  0.1
Spellcasting   | |  2.0
Translocations | |  2.4

Action                   || total
-------------------------++-------
Melee: Hand axe          ||    27
       Kick              ||    10
       Peck              ||     3
Throw: Boomerang         ||     7
  Use: Scroll            ||     6
Armor: Leather armour    ||     4
Dodge: Dodged            ||    12
Block: Buckler           ||     2

Table legend:
 A = Non-vault XP
 B = Vault XP
 C = Vault XP percentage of total XP
 D = Non-vault monster count
 E = Vault monster count
 F = Vault count percentage of total count
                 A         B        C        D         E       F
            +---------+---------+-------+---------+---------+-------
      Total |      26 |       0 |   0.0 |      15 |       0 |   0.0
            +---------+---------+-------+---------+---------+-------
        D:1 |      25 |       0 |   0.0 |      14 |       0 |   0.0
        D:2 |       1 |       0 |   0.0 |       1 |       0 |   0.0
            +---------+---------+-------+---------+---------+-------
